 Dungeon Crawl Stone Soup version 0.30-a0-571-gdf30a72648 (webtiles) character file.

Game seed: 15530263269007778627

133 oldmanjim the Shooter (level 5, -5/30 HPs)
             Began as a Kobold Hexslinger on Dec 29, 2022.
             Was a Believer of Vehumet.
             Splashed by a jelly's acid (9 damage)
             ... on level 4 of the Dungeon.
             The game lasted 00:10:06 (2918 turns).

oldmanjim the Shooter (Kobold Hexslinger)           Turns: 2918, Time: 00:10:06

Health: -5/30      AC: -1    Str:  7    XL:     5   Next: 39%
Magic:  8/8        EV: 16    Int: 14    God:    Vehumet [**....]
Gold:   140        SH:  5    Dex: 18    Spells: 7/8 levels left

rFire   . . .      SeeInvis .    a - +1 sling
rCold   . . .      Faith    .    (no shield)
rNeg    . . .      Spirit   .    c - +0 robe
rPois   .          Reflect  +    (no helmet)
rElec   .          Harm     .    (no cloak)
rCorr   .          Rampage  .    (no gloves)
Will    .....                    d - +0 pair of boots
Stlth   +++                      i - amulet of reflection
HPRegen 0.25/turn                (no ring)
MPRegen 0.11/turn                (no ring)

@: corroded
A: small, no large weapons, nightstalker 3
a: Renounce Religion


You were on level 4 of the Dungeon.
You worshipped Vehumet.
Vehumet was pleased with you.
You visited 2 branches of the dungeon, and saw 5 of its levels.

You collected 140 gold pieces.

Inventory:

Hand Weapons
 a - a +1 sling (weapon)
Missiles
 f - 41 stones
 k - 2 throwing nets
Armour
 c - a +0 robe (worn)
 d - a +0 pair of boots (worn)
Jewellery
 i - an amulet of reflection (around neck)
Scrolls
 b - 3 scrolls of poison
 j - 3 scrolls of teleportation {unknown}
 l - 2 scrolls of identify {unknown}
 p - a scroll of amnesia {unknown}
Potions
 e - a potion of cancellation {unknown}
 g - 7 potions of curing {unknown}
 h - a potion of brilliance {unknown}
 m - 2 potions of magic {unknown}
 n - a potion of heal wounds {unknown}
 o - a potion of mutation {unknown}


   Skills:
 - Level 2.0 Fighting
 + Level 4.6 Ranged Weapons
 + Level 4.3 Dodging
 - Level 2.0 Spellcasting
 - Level 3.0 Hexes


You had 7 spell levels left.
You knew the following spells:

 Your Spells              Type           Power      Damage    Failure   Level
a - Slow                  Hex            36%        N/A       7%          1

Your spell library contained the following spells:

 Spells                   Type           Power      Damage    Failure   Level
 Searing Ray              Conj           2%         2d4       34%         2
 Inner Flame              Hex/Fire       5%         N/A       36%         3
 Portal Projectile        Hex/Tloc       10%        N/A       36%         3
 Ignite Poison            Fire/Tmut/Pois 1%         N/A       56%         3
 Kindle Blastsparks       Fire/Tloc/Air  2%         2d10      56%         3
 Cause Fear               Hex            4%         N/A       56%         4
 Freezing Cloud           Conj/Ice/Air   0%         6-21      100%        5


Dungeon Overview and Level Annotations

Branches:
Dungeon (4/15)             Temple (1/1) D:4

Altars:
Dithmenos
Elyvilon
Fedhas
Gozag
Kikubaaqudgha
Uskayaw
Vehumet
Xom
Yredelemnul
Zin
The Shining One

Annotations:
D:4 Eustachio


Innate Abilities, Weirdness & Mutations

You are small and have problems with some larger weapons.
You are completely attuned to the shadows.


Message History

The phantom is heavily damaged.
The phantom hits you.
The phantom blinks!
You blink.
A jelly comes into view.
You shoot a sling bullet. The sling bullet hits the phantom.
The phantom is severely damaged.
The phantom hits you.
You are too injured to fight recklessly!
You are too injured to fight recklessly!
You are too injured to fight recklessly!
Fire: a) +1 sling
Press: ? - help, Q - select action, (/) - cycle Shift-Dir - straight line, f/p - phantom
Aim: a phantom (severely damaged, 53% to hit)
You shoot a sling bullet.
The sling bullet barely misses the phantom.
The phantom closely misses you.
Fire: a) +1 sling
Press: ? - help, Q - select action, (/) - cycle Shift-Dir - straight line, f/p - phantom
Aim: a phantom (severely damaged, 53% to hit)
You shoot a sling bullet. The sling bullet misses the phantom.
The phantom barely misses you.
Fire: a) +1 sling
Press: ? - help, Q - select action, (/) - cycle Shift-Dir - straight line, f/p - phantom
Aim: a phantom (severely damaged, 53% to hit)
You shoot a sling bullet.
The sling bullet hits the phantom but does no damage.
The phantom is severely damaged.
The phantom hits you but does no damage.
The jelly hits you but does no damage. The jelly hits you.
The acid corrodes you!
You are splashed with acid.
* * * LOW HITPOINT WARNING * * *
The phantom misses you.
Fire: a) +1 sling
Press: ? - help, Q - select action, (/) - cycle Shift-Dir - straight line, f/p - phantom
Aim: a phantom (severely damaged, 53% to hit)
You shoot a sling bullet.
The sling bullet closely misses the phantom.
The jelly hits you.
* * * LOW HITPOINT WARNING * * *
The acid corrodes you!
You are splashed with acid!
You die...

#...5@#...###########........#..#
#.#..)##....## ##.......#....#.##
..#....#.##..###..#######......#
....>....##.......### #.....##
........^#..#####...### ####### #
.......†...##...###...# ###
.........##.....##...# #..
....§.#.#......W#...#. #.#
##....#.#..[..@J'...'. #.#
####.#.#.......#...#. #..
##.....##...# #.. #...###...# #..
#### #...# #.# #.# #.


You could see a phantom and a jelly.

Vanquished Creatures
  4 adders
  2 worms (D:2)
  4 dart slugs
  4 orcs
  4 bats
  6 endoplasms
  A giant cockroach (D:2)
  6 goblins
  6 hobgoblins
  2 jackals (D:1)
  2 quokkas
  11 ball pythons
  17 frilled lizards
  9 kobolds
  5 rats
83 creatures vanquished.

Vanquished Creatures (others)
  8 plants (D:1)
8 creatures vanquished.

Grand Total: 91 creatures vanquished

Notes
Turn   | Place    | Note
-------+----------+-------------------------------------------
     0 | D:1      | oldmanjim the Kobold Hexslinger began the quest for the
                  | Orb.
     0 | D:1      | Reached XP level 1. HP: 12/12 MP: 2/2
   110 | D:1      | Reached XP level 2. HP: 16/16 MP: 3/3
   210 | D:1      | Reached XP level 3. HP: 21/21 MP: 5/5
   293 | D:1      | Found a faded altar of an unknown god.
   308 | D:1      | Prayed at the altar of an unknown god.
   308 | D:1      | Became a worshipper of Vehumet
   308 | D:1      | Reached * piety under Vehumet
   308 | D:1      | Offered knowledge of Kiss of Death by Vehumet.
  1256 | D:2      | Reached XP level 4. HP: 26/26 MP: 5/7
  1449 | D:2      | Reached ** piety under Vehumet
  1449 | D:2      | Offered knowledge of Searing Ray by Vehumet.
  2042 | D:3      | Reached XP level 5. HP: 30/30 MP: 8/8
  2341 | D:3      | Found an ancient bone altar of Kikubaaqudgha.
  2344 | D:3      | Found a blossoming altar of Fedhas.
  2594 | D:4      | Found a staircase to the Ecumenical Temple.
  2610 | Temple   | Entered the Ecumenical Temple
  2683 | D:4      | Noticed Eustachio
  2771 | D:4      | Found a shimmering altar of Xom.
  2907 | D:4      | Noticed a phantom
  2918 | D:4      | Splashed by a jelly's acid

Illustrated notes

Levels and vault maps discovered:
D:1:      kennysheep_arrival_forest, layout_basic,
          shapermc_ecumenical_altar_venn, minmay_lizard_king
D:2:      layout_basic, minmay_octomino_j4
D:3:      layout_basic, grunt_temple_overflow_growth_and_decay
D:4:      kennysheep_six_static_rooms, layout_rooms, xom_teletrap_fun,
          minmay_temple_entry_offerings, uniq_eustachio
Temple:   hellmonk_temple_of_storms

Skill      XL: |  1  2  3  4  5 |
---------------+----------------+-----
Ranged Weapons | 3 4 |  4.6
Dodging        | 3 4 |  4.3
Fighting       | 2 |  2.0
Spellcasting   | 2 |  2.0
Hexes          | |  3.0

Action                   |  1- 3 |  4- 6 || total
-------------------------+-------+-------++-------
 Fire: Sling             |   100 |   122 ||   222
Throw: Boomerang         |       |     3 ||     3
 Cast: Slow              |       |     4 ||     4
Armor: Robe              |     8 |     5 ||    13
Dodge: Dodged            |    38 |    67 ||   105
Block: Other             |     4 |    12 ||    16
       Reflection        |     2 |     3 ||     5

Table legend: (Time is in decaauts)
 A = Elapsed time spent in this place.
 B = Non-inter-level travel time spent in this place.
 C = Inter-level travel time spent in this place.
 D = Time resting spent in this place.
 E = Time spent auto-exploring this place.
 F = Levels seen in this place.
 G = Mean time per level.
                   A        B        C        D        E       F      G
               +--------+--------+--------+--------+--------+-----+--------+
         Total |   2966 |   2845 |    121 |      0 |   2368 |   5 |  593.2 |
       Dungeon |   2916 |   2799 |    117 |      0 |   2331 |   4 |  729.0 |
        Temple |     49 |     45 |      4 |      0 |     37 |   1 |   49.0 |
               +--------+--------+--------+--------+--------+-----+--------+

Top non-repeatable levels by time:
     D:2: 1047 daAuts
     D:1: 825 daAuts
     D:3: 757 daAuts
     D:4: 285 daAuts
  Temple: 49 daAuts
